 Dungeon Crawl Stone Soup version 0.32-a0-898-g7811c86cf0 (webtiles) character file.

Game seed: 10833800274312313736

117935 Gadrel the Tortoise (level 16, -1/146 HPs)
             Began as an Armataur Brigand on Apr 4, 2024.
             Was an Initiate of Gozag.
             Slain by a water elemental (9 damage)
             ... summoned by Ilsuiw
             ... on level 4 of the Shoals.
             The game lasted 01:15:43 (33278 turns).

Gadrel the Tortoise (Armataur Brigand)             Turns: 33278, Time: 01:15:43

Health: -1/146     AC: 29    Str: 21    XL:     16   Next: 24%
Magic:  16/16      EV: 10    Int: 12    God:    Gozag
Gold:   6159       SH:  5    Dex: 21    Spells: 15/15 levels left

rFire   . . .        b - +2 rapier (drain)
rCold   . . .        (no shield)
rNeg    . . .        z - +3 scale mail {Will+}
rPois   .            T - +0 helmet
rElec   .            G - scarf {repulsion}
rCorr   .            s - +2 pair of gloves {Stlth+}
SInv    .            h - +2 barding
Will    ++...        o - amulet of reflection
Stlth   +++          L - +6 ring of dexterity
HPRegen 0.44/turn    v - +5 ring of evasion
MPRegen 0.15/turn

%: repel missiles, reflection, roll
@: engulfed (cannot breathe)
A: large, deformed body, tough skin 3, armoured tail, rollpage 2
a: Renounce Religion, Potion Petition, Call Merchant, Bribe Branch


You were on level 4 of the Shoals.
You worshipped Gozag.
Gozag was greatly pleased with you.
You visited 4 branches of the dungeon, and saw 26 of its levels.

You collected 8158 gold pieces.
You spent 1934 gold pieces at shops.
You paid 65 gold pieces to Gozag.

Inventory:

Hand Weapons
 a - the +8 longbow of the Ass {freeze, rC+ rN+ rCorr Dex+2}
   (You bought it in a shop on level 1 of the Shoals)

   Dex+2:     It affects your dexterity (+2).
   rC+:       It protects you from cold.
   rN+:       It protects you from negative energy.
   rCorr:     It protects you from acid and corrosion.
 b - a +2 rapier of draining (weapon)
   (You found it on level 1 of the Dungeon)
 x - a +0 hand cannon of freezing
   (You took it off a kobold blastminer on level 2 of the Orcish Mines)
Missiles
 c - 9 throwing nets {!d}
 e - 6 curare-tipped darts
 g - 67 poisoned darts
Armour
 h - a +2 barding (worn)
   (You found it on level 9 of the Dungeon)
 s - a +2 pair of gloves of stealth (worn)
   (You bought it in a shop on level 2 of the Orcish Mines)
 z - a +3 scale mail of willpower (worn)
   (You bought it in a shop on level 1 of the Dungeon)
 B - +0 gold dragon scales
   (You found it on level 3 of the Lair of Beasts)
 F - a +0 tower shield
   (You found it on level 2 of the Orcish Mines)
 G - a scarf of repulsion (worn)
   (You found it on level 5 of the Dungeon)
 T - a +0 helmet (worn)
   (You took it off Robin on level 3 of the Dungeon)
Jewellery
 f - a ring of fire {rF+, rC-}
   (You found it on level 4 of the Dungeon)
 o - an amulet of reflection (around neck)
   (You found it on level 4 of the Shoals)
 v - a +5 ring of evasion (right hand)
   (You found it on level 10 of the Dungeon)
 A - a +4 ring of protection
   (You took it off an orc warrior on level 2 of the Orcish Mines)
 C - a ring of protection from cold {rC+, !d}
   (You found it on level 4 of the Shoals)
 L - a +6 ring of dexterity (left hand)
   (You bought it in a shop on level 5 of the Dungeon)
 X - a ring of flight {+Fly, !d}
   (You found it on level 11 of the Dungeon)
 Z - an amulet of regeneration
   (You bought it in a shop on level 2 of the Orcish Mines)
Wands
 d - a wand of digging (8)
   (You found it on level 9 of the Dungeon)
 i - a wand of iceblast (14)
   (You bought it in a shop on level 5 of the Dungeon)
 j - a wand of polymorph (3)
   (You found it on level 1 of the Shoals)
 p - a wand of paralysis (9)
   (You took it off Maurice on level 8 of the Dungeon)
 q - a wand of flame (20)
   (You found it on level 3 of the Dungeon)
 y - a wand of mindburst (4)
   (You found it on level 5 of the Dungeon)
 Q - a wand of quicksilver (1)
   (You took it off an orc warrior on level 2 of the Orcish Mines)
Scrolls
 m - 5 scrolls of enchant armour
 n - 7 scrolls of poison {!r}
 u - 4 scrolls of revelation
 D - 5 scrolls of blinking {!r}
 E - 5 scrolls of fear
 K - a scroll of immolation {!r}
 O - 4 scrolls of silence
 S - a scroll of fog
 V - 9 scrolls of vulnerability {!r!r}
 W - 7 scrolls of identify {@r1}
 Y - 4 scrolls of teleportation {@r3}
Potions
 k - a potion of magic
 r - 3 potions of cancellation
 t - 5 potions of enlightenment
 H - 3 potions of haste
 I - 4 potions of invisibility
 J - 2 potions of curing {@q1}
 M - 6 potions of might
 N - 3 potions of heal wounds {@q2}
 P - 2 potions of lignification {!q}
 R - a potion of resistance
 U - 3 potions of mutation {!q}
Miscellaneous
 l - a sack of spiders (inert)
   (You found it on level 11 of the Dungeon)
 w - a phial of floods
   (You found it on level 1 of the Shoals)


   Skills:
 - Level 14.0 Fighting
 - Level 4.0 Short Blades
 + Level 13.2 Ranged Weapons
 - Level 2.0 Throwing
 - Level 18.4 Armour
 - Level 0.6 Dodging
 - Level 5.0 Stealth
 + Level 10.6 Shields
 - Level 5.0 Evocations


You had 15 spell levels left.
You didn't know any spells.
Your spell library contained the following spells:

 Spells                   Type           Power      Damage    Failure   Level
 Apportation              Tloc           0%         N/A       52%         1
 Magic Dart               Conj           0%         1d3       52%         1
 Necrotise                Necr           0%         1d4       52%         1
 Sandblast                Erth           0%         2d4       52%         1
 Sting                    Conj/Alch      0%         1d3       52%         1
 Summon Small Mammal      Summ           0%         N/A       52%         1
 Blink                    Tloc           0%         N/A       67%         2
 Call Imp                 Summ           0%         N/A       67%         2
 Lesser Beckoning         Tloc           0%         N/A       67%         2
 Searing Ray              Conj           0%         2d4       67%         2
 Sublimation of Blood     Necr           0%         N/A       67%         2
 Call Canine Familiar     Summ           0%         N/A       88%         3
 Maxwell's Portable Pile  Tloc           0%         2d(5-13)  88%         3
 Stone Arrow              Conj/Erth      0%         3d7       88%         3
 Teleport Other           Tloc           0%         N/A       88%         3
 Brom's Barrelling Bould  Conj/Erth      0%         2d3       99%         4
 Fulminant Prism          Conj/Alch      0%         3d5       99%         4
 Petrify                  Alch/Erth      0%         N/A       99%         4
 Summon Blazeheart Golem  Fire/Summ      0%         N/A       99%         4
 Fireball                 Conj/Fire      0%         3d3       100%        5
 Irradiate                Conj/Alch      0%         3d11      100%        5
 Iskenderun's Battlesphe  Conj           0%         2d6       100%        5
 Conjure Ball Lightning   Conj/Air       0%         3x3d6     100%        6
 Orb of Destruction       Conj           0%         9d5       100%        7
 Summon Hydra             Summ           0%         N/A       100%        7
 Chain Lightning          Conj/Air       0%         N/A       100%        9
 Fire Storm               Conj/Fire      0%         5d1       100%        9
 Shatter                  Erth           0%         3d5*      100%        9


Dungeon Overview and Level Annotations

Branches:
Dungeon (15/15)            Temple (0/1) D:6            Lair (5/5) D:9
 Shoals (4/4) Lair:2       Spider (0/4) Lair:3        Slime (0/5) Lair:4
    Orc (2/2) D:12            Elf (0/3) Orc:2        Vaults (0/5) D:13
 Depths (0/4) D:15

Altars:
Dithmenos
Elyvilon
Gozag
Kikubaaqudgha
Sif Muna
Uskayaw
Vehumet
Xom
The Shining One
Beogh
Jiyva

Shops:
D:1 ([:(   D:5 *   D:7 (   Orc:2 [?(=   Shoals:1 (   Shoals:2 (

Annotations:
Shoals:3 3 runed translucent doors, Jizeqel's ghost, journeyman OpCj
Shoals:4 5 transporters, Ilsuiw


Innate Abilities, Weirdness & Mutations

Armour fits poorly on your strangely shaped body.
You have extremely tough skin. (AC +3)
You have a long armoured tail.
You regenerate magic and health when rolling toward enemies. (Rampage Regen)


Message History

Ilsuiw hits you from afar with a +1 trident of freezing.
You take 1 damage, and have 136/146 hp.
You shoot an arrow.
The arrow hits Ilsuiw but does no damage.
The merfolk closely misses you. Ilsuiw hits you but does no damage.
You shoot an arrow.
The arrow hits Ilsuiw but does no damage.
The merfolk hits you from afar with a +0 trident!
Ilsuiw casts a spell.
You block the merfolk's attack.
You take 6 damage, and have 130/146 hp.
You shoot an arrow.
The arrow closely misses the water elemental.
The water elemental disappears in a puff of smoke!
Ilsuiw hits you from afar with a +1 trident of freezing.
The merfolk hits you from afar with a +0 trident.
The water elemental hits you.
The water elemental engulfs you in water!
You take 6 damage, and have 124/146 hp.
Press: ? - help, Shift-Dir - straight line, f - Ilsuiw, p - water elemental
Aim: Ilsuiw, wielding a +1 trident of freezing and wearing a +0 robe (heavily wounded, 48% to hit)
The puff of flame misses Ilsuiw.
Your lungs strain for air!
Ilsuiw is engulfed in a cloud of scalding steam.
Ilsuiw hits you but does no damage.
The merfolk hits you but does no damage.
You block the water elemental's attack. The water elemental hits you.
You take 4 damage, and have 120/146 hp.
The water engulfing you falls away.
You gasp with relief as air once again reaches your lungs.
Ilsuiw is engulfed in a cloud of scalding steam.
The water elemental is engulfed in a cloud of scalding steam.
Ilsuiw asks, "Do you dare to walk upon the beach?"
The merfolk is engulfed in a cloud of scalding steam. x2
Fire: a) +8 longbow of the Ass {freeze, rC+ rN+ rCorr Dex+2}
Press: ? - help, Q - select action Shift-Dir - straight line, f/p - Ilsuiw
Aim: Ilsuiw, wielding a +1 trident of freezing and wearing a +0 robe (heavily wounded, 61% to hit)
Okay, then.
The +8 longbow of the Ass {freeze, rC+ rN+ rCorr Dex+2} stops glowing.
You sense an unholy aura.
b - a +2 rapier of draining (weapon)
You roll towards Ilsuiw!
You hit Ilsuiw but do no damage. You tail-slap Ilsuiw, but do no damage.
Ilsuiw closely misses you. The water elemental barely misses you.
You hit Ilsuiw but do no damage.
Your tail-slap misses Ilsuiw.
Ilsuiw hits you but does no damage. The water elemental closely misses you.
You barely miss Ilsuiw.
Your tail-slap misses Ilsuiw.
Ilsuiw casts a spell.
Ilsuiw flickers and vanishes!
Deactivating autopickup; reactivate with Ctrl-A.
The merfolk hits you from afar with a +0 trident.
The water elemental completely misses you.
Something unexpectedly blocks you, preventing you from rolling!
You hit something. You tail-slap something!
The merfolk hits you but does no damage.
Something hits you but does no damage. The water elemental closely misses you.
Something unexpectedly blocks you, preventing you from rolling!
You closely miss something.
The merfolk hits you but does no damage.
Something hits you but does no damage. The water elemental closely misses you.
Something unexpectedly blocks you, preventing you from rolling!
You hit something.
Your tail-slap misses something.
The merfolk closely misses you. Something hits you but does no damage.
The water elemental hits you.
Something unexpectedly blocks you, preventing you from rolling!
You barely miss something. The merfolk barely misses you.
Something hits you but does no damage. The water elemental hits you!
The water elemental engulfs you in water!
You take 9 damage, and have 116/146 hp.
Unknown command.
Press: ? - help, Shift-Dir - straight line, f - water elemental
Aim: a water elemental (summoned, 84% to hit)
The bolt of dispelling energy hits something!!
Reactivating autopickup.
Ilsuiw's magical effects unravel!
The bolt of dispelling energy hits the water elemental!!
Your lungs strain for air!
You block the merfolk's attack. Ilsuiw hits you but does no damage.
The water elemental hits you.
You take 8 damage, and have 108/146 hp.
You hit Ilsuiw but do no damage.
Your lungs strain for air!
The merfolk closely misses you. Ilsuiw hits you but does no damage.
The water elemental hits you.
You take 11 damage, and have 97/146 hp.
You closely miss Ilsuiw.
Your tail-slap misses Ilsuiw.
Your lungs strain for air!
The merfolk barely misses you. Ilsuiw casts a spell at you.
The shard of ice hits you. You block the water elemental's attack.
You take 10 damage, and have 87/146 hp.
You puncture Ilsuiw!
Your lungs strain for air!
The merfolk hits you from afar with a +0 trident.
Ilsuiw points at you and mumbles some strange words.
The shard of ice hits you!!!
* * * LOW HITPOINT WARNING * * *
The water elemental hits you!
You die...
Your body crumbles into a pile of gold.

≈≈~~~~~~~~~~~~≈≈≈≈≈≈~~~~~≈
≈~~~~~~~~~~~≈≈≈≈≈≈~~~..~~~
≈~~~~~~~~~~≈≈≈≈~~~~~....~~
~~~~~~≈~~~~~~~~~~~~......~
~~~~~~≈~~~~..............~
~~~~~~~~~ .......~.......~
~~~~~~~§# #....~.).....~
~~~~~~~E#####............~
~~~~~~.Em@.~.#.....##.##.~
~~~~~~#mE.≈...##...#©..#~~
~~~~~##~.#.#.##......©...~
~~~~. ##≈...≈.#....#).©#~~
~~~~ ##.#.#.~#....##.##~~
~~~ #...≈[..#.....)...~~
~~~....#.~#~.#..........~~
...(...#####.........~~~~
........###~........~~~~~


You could see Ilsuiw, a merfolk and 3 water elementals.

Vanquished Creatures
  Rupert (D:13)
  Polyphemus (Shoals:3)
  An orc warlord (Orc:2)
  A dire elephant (Lair:5)
  A fire dragon (D:11)
  2 merfolk javelineers
  6 merfolk impalers
  A quicksilver dragon zombie (D:15)
  A hydra (Lair:4)
  3 merfolk avatars
  A catoblepas (Shoals:3)
  A boulder beetle (D:14)
  A death knight (D:11)
  2 merfolk aquamancers
  2 satyrs
  2 centaur warriors
  The ghost of whitekrowe the Severer, a novice MiBe of Trog (D:8)
  7 two-headed ogres
  A deep troll earth mage (D:11)
  A sphinx skeleton (D:15)
  A tengu warrior (D:15)
  4 orc high priests (Orc:2)
  2 death yaks (Shoals:3)
  Urug (D:12)
  A deep elf knight (D:12)
  8 skysharks
  7 skeletal warriors (D:15)
  A flayed ghost (D:15)
  3 arcanists
  7 sea snakes
  A necromancer (D:15)
  6 harpies
  A thermic dynamo (D:11)
  7 orc knights
  3 deep elf pyromancers
  6 orc sorcerers (Orc:2)
  8 fauns
  An oklob plant (Lair:5)
  An obsidian bat (Orc:2)
  Maurice (D:8)
  11 manticores
  2 cyclopes
  10 elephants
  8 kobold blastminers
  A black mamba (Lair:4)
  9 ugly things
  4 merfolk sirens
  3 water nymphs
  2 gargoyles
  A torpor snail (Lair:5)
  Maggie (Lair:2)
  A cane toad (shapeshifter) (D:14)
  An unseen horror (D:10)
  9 cane toads
  2 kobold demonologists
  7 komodo dragons
  2 rime drakes (Lair:5)
  An efreet (D:11)
  2 tengu conjurers
  2 polar bears (Lair:5)
  21 merfolk
  9 trolls
  Grinder (D:5)
  4 hornets
  A wolf spider simulacrum (D:15)
  5 dream sheep (Lair:3)
  6 snapping turtles
  3 jumping spiders (Lair:3)
  4 blink frogs
  10 wind drakes
  8 water elementals
  3 wraiths (D:11)
  5 wyverns
  31 yaks
  3 shadows
  15 vampire mosquitoes
  3 basilisks
  3 wargs (Orc:2)
  4 steam dragons
  8 water moccasins
  2 acid dragons (D:8)
  41 orc warriors
  2 sky beasts
  A black bear (D:6)
  9 ogres
  A tengu (shapeshifter) (D:15)
  4 wolves
  3 centaurs
  A phantom (D:6)
  7 kobold brigands
  15 bullfrogs
  A gnoll sergeant (D:6)
  2 scorpions
  5 wights (D:8)
  18 killer bees
  3 howler monkeys
  2 electric eels (Lair:5)
  A bombardier beetle (D:5)
  2 hounds
  28 orc priests
  A sleepcap (D:6)
  4 iguanas
  28 orc wizards
  Robin (D:3)
  4 gnolls
  11 adders
  A shadow imp (D:7)
  4 ribbon worms
  3 dart slugs
  86 orcs
  6 ball pythons
  2 bats (D:1)
  3 endoplasms
  2 giant cockroaches
  8 goblins
  12 hobgoblins
  2 jackals (D:2)
  34 kobolds
  2 quokkas
  5 training dummies
  4 frilled lizards
  4 rats
708 creatures vanquished.

Vanquished Creatures (collateral kills)
  A formless jellyfish (Shoals:4)
  A merfolk javelineer (Shoals:4)
  An orc knight (Orc:2)
  An orc sorcerer (Orc:2)
4 creatures vanquished.

Vanquished Creatures (others)
  A hound (D:4)
  An orc priest (Orc:2)
  A ribbon worm (D:4)
  An orc (Orc:1)
  2 endoplasms (D:4)
  A giant cockroach (D:4)
  A quokka (D:4)
8 creatures vanquished.

Grand Total: 720 creatures vanquished

Notes
Turn   | Place    | Note
-------+----------+-------------------------------------------
     0 | D:1      | Gadrel the Armataur Brigand began the quest for the Orb.
     0 | D:1      | Reached XP level 1. HP: 17/17 MP: 1/1
    19 | D:1      | Found Gouchoim's Book Shoppe.
    93 | D:1      | Found Jiewkurgh's Antique Weapon Shop.
   178 | D:1      | Found a faded altar of an unknown god.
   265 | D:1      | You fall into a shaft and drop 1 floor!
   330 | D:2      | Found a shimmering blue altar of Sif Muna.
   337 | D:2      | Reached skill level 2 in Fighting
   337 | D:2      | Reached skill level 2 in Short Blades
   337 | D:2      | Reached skill level 2 in Throwing
   341 | D:2      | Reached XP level 2. HP: 24/24 MP: 2/2
   652 | D:1      | Found Doig's Weapon Emporium.
   771 | D:1      | Found Bopih's Antique Armour Shop.
  1156 | D:2      | Reached skill level 1 in Armour
  1156 | D:2      | Reached XP level 3. HP: 26/30 MP: 3/3
  1600 | D:3      | Reached skill level 5 in Stealth
  1608 | D:3      | Noticed Robin
  1634 | D:3      | Killed Robin
  1635 | D:3      | Reached XP level 4. HP: 17/37 MP: 4/4
  1637 | D:3      | HP: 9/37 [goblin/+0 dagger[Robin] (3)]
  1643 | D:3      | Reached skill level 2 in Armour
  2070 | D:3      | Noticed an ogre
  2075 | D:3      | Killed an ogre
  2076 | D:3      | Reached skill level 3 in Fighting
  2076 | D:3      | Reached XP level 5. HP: 16/45 MP: 5/5
  2188 | D:3      | Reached skill level 3 in Armour
  2208 | D:3      | Reached skill level 3 in Short Blades
  2927 | D:4      | Found an opulent altar of Gozag.
  2932 | D:4      | Became a worshipper of Gozag Ym Sagoz the Greedy
  3539 | D:4      | Reached XP level 6. HP: 43/51 MP: 6/6
  3545 | D:4      | HP: 10/51 [orc/+0 mace (6)]
  3848 | D:4      | Found a shimmering altar of Xom.
  4059 | D:5      | Entered Level 5 of the Dungeon
  4155 | D:1      | Bought a crude short sword for 120 gold pieces
  4155 | D:1      | Identified the +3 short sword of Sunlight {speed, *Slow
                  | rCorr Dex+4} (You bought it in a shop on level 1 of the
                  | Dungeon)
  4213 | D:1      | Bought a runed scale mail for 168 gold pieces
  4411 | D:5      | Reached skill level 1 in Evocations
  4490 | D:5      | Noticed Grinder
  4494 | D:5      | Found Bigous's CLEARANCE SALE!.
  4499 | D:5      | Paralysed by Grinder for 5 turns
  4520 | D:5      | Killed Grinder
  4521 | D:5      | Reached skill level 4 in Fighting
  4521 | D:5      | Reached skill level 4 in Short Blades
  4521 | D:5      | Reached skill level 4 in Armour
  4521 | D:5      | Gained mutation: You regenerate magic and health when
                  | rolling toward enemies. (Rampage Regen) [Armataur growth]
  4521 | D:5      | Reached XP level 7. HP: 44/59 MP: 7/7
  4578 | D:5      | Bought a +0 arbalest of electrocution for 52 gold pieces
  4738 | D:5      | Reached skill level 5 in Armour
  4954 | D:5      | Found a radiant altar of Vehumet.
  5055 | D:5      | Found a white marble altar of Elyvilon.
  5058 | D:5      | Reached skill level 1 in Ranged Weapons
  5171 | D:6      | Reached skill level 2 in Evocations
  5190 | D:6      | Found a shimmering blue altar of Sif Muna.
  5395 | D:6      | HP: 13/60 [gnoll sergeant/+0 spear (8)]
  5494 | D:1      | Bought a runed scale mail for 168 gold pieces
  5824 | D:6      | Reached XP level 8. HP: 59/67 MP: 8/8
  6029 | D:6      | Found a staircase to the Ecumenical Temple.
  6147 | D:6      | Reached skill level 2 in Ranged Weapons
  6147 | D:6      | Reached skill level 6 in Armour
  6147 | D:6      | Reached skill level 3 in Evocations
  6229 | D:6      | Reached skill level 5 in Fighting
  6235 | D:6      | HP: 17/68 [poisoned by a killer bee]
  6443 | D:6      | HP: 16/68 [killer bee (3)]
  6448 | D:6      | HP: 12/68 [poisoned by a killer bee]
  6703 | D:6      | Reached skill level 3 in Ranged Weapons
  6703 | D:6      | Reached skill level 7 in Armour
  6911 | D:7      | Reached skill level 6 in Fighting
  7176 | D:7      | Reached XP level 9. HP: 67/75 MP: 9/9
  7271 | D:7      | Found Hofriw's Firing Range.
  7274 | D:7      | Noticed a two-headed ogre
  7278 | D:7      | Killed a two-headed ogre
  7279 | D:7      | Reached skill level 4 in Ranged Weapons
  7279 | D:7      | Reached skill level 8 in Armour
  7283 | D:7      | Bought a throwing net for 45 gold pieces
  7362 | D:5      | Bought a wand of iceblast (3) for 28 gold pieces
  7362 | D:5      | Bought a +6 ring of dexterity for 144 gold pieces
  7743 | D:7      | Reached skill level 7 in Fighting
  7958 | D:8      | Found a transporter.
  7979 | D:8      | Noticed a troll
  8015 | D:8      | Found a transporter.
  8039 | D:8      | Noticed Maurice
  8053 | D:8      | Killed Maurice
  8054 | D:8      | Reached skill level 9 in Armour
  8095 | D:8      | Noticed whitekrowe's ghost (novice MiBe)
  8271 | D:8      | Reached skill level 5 in Ranged Weapons
  8479 | D:8      | Reached XP level 10. HP: 84/86 MP: 10/10
  9005 | D:9      | Found a staircase to the Lair.
  9154 | D:9      | Reached skill level 8 in Fighting
  9154 | D:9      | Reached skill level 10 in Armour
  9828 | D:9      | Found a shadowy altar of Dithmenos.
 10281 | Lair:1   | Entered Level 1 of the Lair of Beasts
 10289 | Lair:1   | Reached skill level 6 in Ranged Weapons
 10522 | Lair:1   | HP: 13/90 [komodo dragon (20)]
 10523 | Lair:1   | HP: 1/90 [komodo dragon (12)]
 11678 | Lair:2   | Reached skill level 11 in Armour
 11752 | Lair:2   | Noticed a cane toad
 11785 | Lair:2   | Noticed a cane toad
 11787 | Lair:2   | Killed a cane toad
 11788 | Lair:2   | Reached skill level 4 in Evocations
 11805 | Lair:2   | Noticed Maggie
 11823 | Lair:2   | Killed Maggie
 11824 | Lair:2   | Reached skill level 9 in Fighting
 11824 | Lair:2   | Reached XP level 11. HP: 96/97 MP: 11/11
 11863 | Lair:2   | Found a staircase to the Shoals.
 12497 | Lair:1   | Reached skill level 5 in Evocations
 13011 | Lair:3   | Reached skill level 7 in Ranged Weapons
 13022 | Lair:3   | Reached skill level 12 in Armour
 13704 | Lair:3   | Reached skill level 10 in Fighting
 13819 | Lair:3   | HP: 22/99 [jumping spider (3)]
 14042 | Lair:3   | Found a hole to the Spider Nest.
 14208 | Lair:4   | HP: 22/99 [poisoned by a black mamba]
 14213 | Lair:3   | HP: 16/99 [poisoned by a black mamba]
 14747 | Lair:4   | Noticed a four-headed hydra
 14758 | Lair:4   | Killed a four-headed hydra
 14759 | Lair:4   | Reached skill level 13 in Armour
 14759 | Lair:4   | Reached XP level 12. HP: 86/107 MP: 12/12
 15182 | Lair:4   | HP: 16/107 [elephant (12)]
 15190 | Lair:4   | Found a viscous altar of Jiyva.
 15191 | Lair:4   | Found a staircase to the Slime Pits.
 15208 | Lair:4   | HP: 19/107 [yak (4)]
 15219 | Lair:4   | HP: 14/107 [yak (9)]
 15226 | Lair:4   | Reached skill level 8 in Ranged Weapons
 15226 | Lair:4   | HP: 4/108 [yak (7)]
 15231 | Lair:4   | HP: 4/108 [yak (2)]
 15514 | Lair:4   | Identified the maw talisman of Tomorrow {Str+2 Int+3
                  | Slay+2}
 15892 | Lair:5   | Entered Level 5 of the Lair of Beasts
 15897 | Lair:4   | Paralysed by a hornet for 2 turns
 15977 | Lair:4   | Reached skill level 11 in Fighting
 16621 | Lair:5   | Reached skill level 14 in Armour
 16909 | Lair:5   | Noticed a dire elephant
 16941 | Lair:5   | Killed a dire elephant
 17420 | Lair:5   | Reached skill level 9 in Ranged Weapons
 17983 | Lair:5   | Reached XP level 13. HP: 70/117 MP: 13/13
 19133 | D:10     | Entered Level 10 of the Dungeon
 19228 | D:10     | Reached skill level 12 in Fighting
 19270 | D:10     | HP: 29/118 [kobold/+0 whip (3)]
 19275 | D:10     | Reached skill level 15 in Armour
 19647 | D:10     | Found an ancient bone altar of Kikubaaqudgha.
 20098 | D:10     | Found a hide-covered altar of Uskayaw.
 20755 | D:11     | Noticed a fire dragon
 20764 | D:11     | Killed a fire dragon
 21553 | D:12     | Noticed Urug
 21561 | D:12     | Killed Urug
 21562 | D:12     | Reached skill level 10 in Ranged Weapons
 21886 | D:12     | Found a staircase to the Orcish Mines.
 22150 | Orc:1    | Entered Level 1 of the Orcish Mines
 22403 | Orc:2    | Entered Level 2 of the Orcish Mines
 22414 | Orc:2    | Reached skill level 16 in Armour
 22430 | Orc:1    | HP: 24/119 [orc/+0 morningstar (7)]
 22436 | Orc:1    | HP: 22/119 [orc/+0 mace (1)]
 22974 | Orc:1    | Reached skill level 13 in Fighting
 23472 | Orc:2    | Reached XP level 14. HP: 38/129 MP: 14/14
 23473 | Orc:2    | HP: 27/129 [orc warrior/+0 halberd[an orc warlord] (12)]
 23488 | Orc:2    | HP: 30/129 [orc priest/divine providence (11)]
 23558 | Orc:2    | HP: 30/127 [orc/+0 dagger (4)]
 23559 | Orc:2    | HP: 10/127 [orc knight/+1 war axe (21)]
 23578 | Orc:2    | HP: 20/129 [ogre/+0 giant spiked club (13)]
 23581 | Orc:2    | HP: 8/129 [ogre/+0 giant spiked club (13)]
 24333 | Orc:2    | Noticed an orc warlord
 24352 | Orc:2    | Killed an orc warlord
 24383 | Orc:2    | Found a roughly hewn altar of Beogh.
 24454 | Orc:2    | HP: 32/129 [orc warrior/+0 glaive (4)]
 24935 | Orc:2    | Found Ebbocowed's Jewellery Emporium.
 24945 | Orc:2    | Bought an amulet of regeneration for 480 gold pieces
 25034 | Orc:2    | HP: 29/129 [orc high priest/+0 dire flail (5)]
 25036 | Orc:2    | HP: 4/129 [orc warrior/+0 flail (13)]
 25209 | Orc:2    | Found Viptuema's Weapon Shoppe.
 25332 | Orc:2    | Found a staircase to the Elven Halls.
 25468 | Orc:2    | Reached skill level 17 in Armour
 25771 | Orc:2    | Found a roughly hewn altar of Beogh.
 25784 | Orc:2    | Found Eduewatz's Armour Boutique.
 25790 | Orc:2    | Bought a +2 pair of gloves of stealth for 301 gold pieces
 25870 | Orc:2    | Reached skill level 11 in Ranged Weapons
 25926 | Orc:2    | Found Rehautitt's Magic Scroll Shop.
 25932 | Orc:2    | Bought a scroll of fear for 48 gold pieces
 25932 | Orc:2    | Bought a scroll of identify for 24 gold pieces
 26619 | D:13     | Gadrel: !ac 12
 26619 | D:13     | beem: 1.83 armour skill per 1 AC for 12 base AC
 26637 | D:13     | Noticed Rupert
 26649 | D:13     | Killed Rupert
 26650 | D:13     | Reached skill level 1 in Shields
 26810 | D:13     | Found a gate to the Vaults.
 26843 | D:13     | Reached skill level 14 in Fighting
 26843 | D:13     | Reached skill level 2 in Shields
 26934 | D:13     | Found a glowing golden altar of the Shining One.
 27216 | D:13     | Reached skill level 3 in Shields
 27883 | D:14     | Reached skill level 4 in Shields
 27957 | D:14     | Found an ancient bone altar of Kikubaaqudgha.
 28308 | D:15     | Entered Level 15 of the Dungeon
 28479 | D:15     | Reached XP level 15. HP: 133/138 MP: 15/15
 28553 | D:15     | Found a staircase to the Depths.
 28802 | D:15     | Reached skill level 18 in Armour
 28919 | D:15     | Reached skill level 5 in Shields
 29363 | D:8      | Killed whitekrowe's ghost
 29559 | Shoals:1 | Entered Level 1 of the Shoals
 29621 | Shoals:1 | Reached skill level 6 in Shields
 29765 | Shoals:1 | Found Kanna's Antique Weapon Boutique.
 30142 | Shoals:1 | Reached skill level 12 in Ranged Weapons
 30502 | Shoals:2 | Reached skill level 7 in Shields
 30531 | Shoals:2 | Found Penaagh's Weapon Shoppe.
 30693 | Shoals:1 | Bought a blackened longbow for 356 gold pieces
 30693 | Shoals:1 | Identified the +8 longbow of the Ass {freeze, rC+ rN+ rCorr
                  | Dex+2} (You bought it in a shop on level 1 of the Shoals)
 30860 | Shoals:2 | Reached skill level 8 in Shields
 31436 | Shoals:3 | Reached skill level 9 in Shields
 31440 | Shoals:3 | Noticed Polyphemus
 31507 | Shoals:3 | Found a runed translucent gate.
 31519 | Shoals:3 | Killed Polyphemus
 31577 | Shoals:3 | Found a runed translucent gate.
 31577 | Shoals:3 | Noticed Jizeqel's ghost (journeyman OpCj)
 31622 | Shoals:3 | Identified the +8 quick blade of Xymaes {freeze, Will++
                  | Str-3 Dex+3}
 31622 | Shoals:3 | Found the ring of Shadows {Umbra +Inv Stlth+}
 31683 | Shoals:3 | Found a runed translucent gate.
 32091 | Shoals:3 | Reached XP level 16. HP: 145/146 MP: 16/16
 32422 | Shoals:4 | Entered Level 4 of the Shoals
 32434 | Shoals:4 | Reached skill level 13 in Ranged Weapons
 32446 | Shoals:4 | Reached skill level 10 in Shields
 32861 | Shoals:4 | Found a transporter.
 32867 | Shoals:4 | Found a transporter.
 32875 | Shoals:4 | Found a transporter.
 32879 | Shoals:4 | Noticed Ilsuiw
 32880 | Shoals:4 | Found a transporter.
 32914 | Shoals:4 | Paralysed by a formless jellyfish for 1 turns
 32918 | Shoals:4 | HP: 35/146 [poisoned by a formless jellyfish]
 32919 | Shoals:4 | Paralysed by a formless jellyfish for 1 turns
 32919 | Shoals:4 | HP: 13/146 [constriction (9)]
 32925 | Shoals:4 | Found a transporter.
 32927 | Shoals:4 | Found a transporter.
 33278 | Shoals:4 | HP: 8/146 [Ilsuiw/shard of ice (67)]
 33278 | Shoals:4 | Slain by a water elemental

Illustrated notes

Levels and vault maps discovered:
D:1:      amcnicky_arrival_underground_garden, layout_loops_ring, serial_shops,
          shop, nicolae_shop_gibbet_a_chance, nicolae_shop_advertising_works
          [nicolae_subvault_shop_adworks], nicolae_shop_bloodbath_and_beyond,
          shapermc_ecumenical_altar_flowoftime
D:2:      layout_loops_ring, basic_altar
D:3:      layout_basic, minmay_tree_intersection, mrwooster_statue_mirror,
          uniq_robin
D:4:      layout_layer_cave, xom_confusion_cloud,
          nicolae_gozag_cash_rules_everything_around_me
D:5:      dreamdust_elfheim, layout_cave_pools,
          mainiacjoe_overflow_six_doors_small, elyvilon_altar_3,
          nicolae_shop_clearance, uniq_grinder
D:6:      layout_rooms, mainiacjoe_overflow_cross_hatched, temple_hall
D:7:      layout_loops_ring, nicolae_shop_firing_range
D:8:      layout_loops_ring, nzn_ghost_randoct, uniq_maurice
D:9:      layout_stronghold, old_standard_altar, david_lair_shrubbed
D:10:     layout_roguey, mainiacjoe_overflow_big_doors,
          serial_library_regret_index_small_wings
D:11:     nzn_winding_woodlands_cross
          [nzn_winding_woodlands_5x15_pathside_ponds,
          nzn_winding_woodlands_5x15_default,
          nzn_winding_woodlands_5x15_pockets, nzn_winding_woodlands_5x15_garden,
          nzn_winding_woodlands_15x15_thick_spiral], layout_long_grid
D:12:     layout_roguey, orc_0_dummy, sword_in_stone
D:13:     layout_cave_pools, david_vaults_1, tso_metal_star, uniq_rupert
D:14:     layout_irregular_city, nicolae_figureground_sparkle,
          kiku_gazebo_garden_becter
D:15:     gammafunk_depths_entry_grave, layout_loops_ring,
          minmay_misc_feat_diagonals
Lair:1:   layout_loops_ring
Lair:2:   layout_long_grid, elwin_shoals_entry_rocks, uniq_maggie
Lair:3:   layout_chaotic_city, spider_nest_entry_a,
          chequers_serial_rivers_small_a
Lair:4:   layout_gridlike, slime_entry_1
Lair:5:   gammafunk_lair_ancient_temple, layout_cave_pods,
          pdpol_lair_cavern_descent
Shoals:1: layout_shoals, nicolae_take_the_stairs,
          nicolae_shoals_dead_sea_scrolls
Shoals:2: layout_shoals, serial_shops, nicolae_shop_rolling_square
Shoals:3: layout_shoals, gammafunk_ghost_split, nicolae_shoals_circle_sea_wall,
          nicolae_shoals_wave_tunnel, uniq_polyphemus
Shoals:4: shoals_end_hangedman, layout_shoals, shoals_ilsuiw_ice,
          serial_nicolae_subway, nicolae_sub_station_metal,
          nicolae_sub_station_stone, nicolae_sub_station_crystal
Orc:1:    layout_caves
Orc:2:    pubby_orc_utopia

Skill      XL: |  1  2  3  4  5  6  7  8  9 10 11 12 13 14 15 16 |
---------------+-------------------------------------------------+-----
Fighting       | 2 3 4 6 7 9 10 11 13 14 | 14.0
Short Blades   | 2 3 4 |  4.0
Throwing       | 2 |  2.0
Armour         | 1 2 3 4 5 7 9 11 13 14 16 17 18 | 18.4
Stealth        | 5 |  5.0
Evocations     | 1 2 3 4 5 |  5.0
Ranged Weapons | 1 3 5 6 7 9 10 11 12 13 | 13.2
Shields        | 4 9 10 | 10.6
Dodging        | |  0.6

Action                     |  1- 3 |  4- 6 |  7- 9 | 10-12 | 13-15 | 16-18 || total
---------------------------+-------+-------+-------+-------+-------+-------++-------
  Melee: Dagger            |    97 |       |       |       |       |       ||    97
         Tailslap          |    27 |    19 |    33 |   147 |   117 |     9 ||   352
         Rapier            |    43 |    88 |   120 |   635 |   671 |    48 ||  1605
         Short sword       |       |    26 |    91 |       |       |       ||   117
   Fire: Arbalest          |       |       |    82 |   224 |   454 |       ||   760
         Hand cannon       |       |       |       |       |   560 |       ||   560
         Longbow           |       |       |       |       |   234 |   119 ||   353
  Throw: Stone             |     4 |     2 |     3 |       |       |       ||     9
         Dart              |       |     4 |     2 |     3 |     8 |       ||    17
  Evoke: Wand              |       |     5 |     9 |    16 |    19 |     2 ||    51
         Sack of spiders   |       |       |       |       |     1 |     1 ||     2
    Use: Scroll            |     2 |     1 |    10 |    13 |     8 |     1 ||    35
         Potion            |       |       |       |       |     5 |     2 ||     7
   Stab: Sleeping          |     1 |       |       |       |       |       ||     1
         Distracted        |       |       |     2 |     5 |     5 |       ||    12
         Paralysed         |       |       |       |     9 |    16 |       ||    25
         Petrified         |       |       |       |       |     4 |       ||     4
 Armour: Robe              |    13 |       |       |       |       |       ||    13
         Chain mail        |    58 |    87 |       |       |       |       ||   145
         Scale mail        |       |    10 |   228 |   922 |  1817 |   141 ||  3118
  Dodge: Dodged            |    28 |    15 |    94 |   225 |   882 |    46 ||  1290
         Repelled          |       |       |     9 |     4 |    79 |    14 ||   106
  Block: Tower shield      |       |       |       |       |   744 |       ||   744
         Other             |       |       |       |       |       |    16 ||    16

Table legend: (Time is in decaauts)
 A = Elapsed time spent in this place.
 B = Non-inter-level travel time spent in this place.
 C = Inter-level travel time spent in this place.
 D = Time resting spent in this place.
 E = Time spent auto-exploring this place.
 F = Levels seen in this place.
 G = Mean time per level.
                   A        B        C        D        E       F      G
               +--------+--------+--------+--------+--------+-----+--------+
         Total |  34097 |  31780 |   2317 |   2671 |  22160 |  26 | 1311.4 |
       Dungeon |  16923 |  15345 |   1578 |    973 |  11284 |  15 | 1128.2 |
          Lair |   8836 |   8351 |    485 |    845 |   6021 |   5 | 1767.2 |
        Shoals |   3884 |   3835 |     49 |    147 |   2616 |   4 |  971.0 |
  Orcish Mines |   4454 |   4250 |    204 |    706 |   2239 |   2 | 2227.0 |
               +--------+--------+--------+--------+--------+-----+--------+

Top non-repeatable levels by time:
   Orc:2: 3585 daAuts
  Lair:5: 2968 daAuts
  Lair:4: 1673 daAuts
  Lair:1: 1544 daAuts
  Lair:3: 1529 daAuts
     D:3: 1414 daAuts
     D:7: 1412 daAuts
     D:9: 1352 daAuts
     D:4: 1330 daAuts
    D:11: 1254 daAuts
     D:6: 1233 daAuts
Shoals:3: 1215 daAuts
     D:8: 1164 daAuts
  Lair:2: 1120 daAuts
    D:10: 1108 daAuts

Levels and vault maps discovered:
D:1:      amcnicky_arrival_underground_garden, layout_loops_ring, serial_shops,
          shop, nicolae_shop_gibbet_a_chance, nicolae_shop_advertising_works
          [nicolae_subvault_shop_adworks], nicolae_shop_bloodbath_and_beyond,
          shapermc_ecumenical_altar_flowoftime
D:2:      layout_loops_ring, basic_altar
D:3:      layout_basic, minmay_tree_intersection, mrwooster_statue_mirror,
          uniq_robin
D:4:      layout_layer_cave, xom_confusion_cloud,
          nicolae_gozag_cash_rules_everything_around_me
D:5:      dreamdust_elfheim, layout_cave_pools,
          mainiacjoe_overflow_six_doors_small, elyvilon_altar_3,
          nicolae_shop_clearance, uniq_grinder
D:6:      layout_rooms, mainiacjoe_overflow_cross_hatched, temple_hall
D:7:      layout_loops_ring, nicolae_shop_firing_range
D:8:      layout_loops_ring, nzn_ghost_randoct, uniq_maurice
D:9:      layout_stronghold, old_standard_altar, david_lair_shrubbed
D:10:     layout_roguey, mainiacjoe_overflow_big_doors,
          serial_library_regret_index_small_wings
D:11:     nzn_winding_woodlands_cross
          [nzn_winding_woodlands_5x15_pathside_ponds,
          nzn_winding_woodlands_5x15_default,
          nzn_winding_woodlands_5x15_pockets, nzn_winding_woodlands_5x15_garden,
          nzn_winding_woodlands_15x15_thick_spiral], layout_long_grid
D:12:     layout_roguey, orc_0_dummy, sword_in_stone
D:13:     layout_cave_pools, david_vaults_1, tso_metal_star, uniq_rupert
D:14:     layout_irregular_city, nicolae_figureground_sparkle,
          kiku_gazebo_garden_becter
D:15:     gammafunk_depths_entry_grave, layout_loops_ring,
          minmay_misc_feat_diagonals
Lair:1:   layout_loops_ring
Lair:2:   layout_long_grid, elwin_shoals_entry_rocks, uniq_maggie
Lair:3:   layout_chaotic_city, spider_nest_entry_a,
          chequers_serial_rivers_small_a
Lair:4:   layout_gridlike, slime_entry_1
Lair:5:   gammafunk_lair_ancient_temple, layout_cave_pods,
          pdpol_lair_cavern_descent
Shoals:1: layout_shoals, nicolae_take_the_stairs,
          nicolae_shoals_dead_sea_scrolls
Shoals:2: layout_shoals, serial_shops, nicolae_shop_rolling_square
Shoals:3: layout_shoals, gammafunk_ghost_split, nicolae_shoals_circle_sea_wall,
          nicolae_shoals_wave_tunnel, uniq_polyphemus
Shoals:4: shoals_end_hangedman, layout_shoals, shoals_ilsuiw_ice,
          serial_nicolae_subway, nicolae_sub_station_metal,
          nicolae_sub_station_stone, nicolae_sub_station_crystal
Orc:1:    layout_caves
Orc:2:    pubby_orc_utopia

Table legend: (Time is in decaauts)
 A = Elapsed time spent in this place.
 B = Non-inter-level travel time spent in this place.
 C = Inter-level travel time spent in this place.
 D = Time resting spent in this place.
 E = Time spent auto-exploring this place.
 F = Levels seen in this place.
 G = Mean time per level.
                   A        B        C        D        E       F      G
               +--------+--------+--------+--------+--------+-----+--------+
         Total |  34097 |  31780 |   2317 |   2671 |  22160 |  26 | 1311.4 |
       Dungeon |  16923 |  15345 |   1578 |    973 |  11284 |  15 | 1128.2 |
          Lair |   8836 |   8351 |    485 |    845 |   6021 |   5 | 1767.2 |
        Shoals |   3884 |   3835 |     49 |    147 |   2616 |   4 |  971.0 |
  Orcish Mines |   4454 |   4250 |    204 |    706 |   2239 |   2 | 2227.0 |
               +--------+--------+--------+--------+--------+-----+--------+

Top non-repeatable levels by time:
   Orc:2: 3585 daAuts
  Lair:5: 2968 daAuts
  Lair:4: 1673 daAuts
  Lair:1: 1544 daAuts
  Lair:3: 1529 daAuts
     D:3: 1414 daAuts
     D:7: 1412 daAuts
     D:9: 1352 daAuts
     D:4: 1330 daAuts
    D:11: 1254 daAuts
     D:6: 1233 daAuts
Shoals:3: 1215 daAuts
     D:8: 1164 daAuts
  Lair:2: 1120 daAuts
    D:10: 1108 daAuts

Table legend:
 A = Kills in this place as a percentage of kills in the entire game.
 B = Kills by you in this place as a percentage of kills by you in the entire game.
 C = Kills by friends in this place as a percentage of kills by friends in the entire game.
 D = Other kills in this place as a percentage of other kills in the entire game.
 E = Experience gained in this place as a percentage of experience gained in the entire game.
 F = Experience gained in this place divided by the number of levels of this place that you have seen.
                   A       B       C       D       E      F
               +-------+-------+-------+-------+-------+----------------------
         Total | 100.0 | 100.0 | 100.0 | 100.0 | 100.0 | 6480.0
       Dungeon |  44.0 |  44.4 |   0.0 |   0.0 |  32.4 | 3634.5
          Lair |  15.6 |  15.7 |   0.0 |   0.0 |  19.7 | 6622.6
        Shoals |  14.2 |  14.0 |  50.0 |   0.0 |  31.2 | 13138.5
  Orcish Mines |  26.2 |  26.0 |  50.0 | 100.0 |  16.8 | 14147.0
               +-------+-------+-------+-------+-------+----------------------
